 Dungeon Crawl Stone Soup version 0.23.0-28-g6fe0f4d (webtiles) character file.

Game seed: 10879780353158131579

382 Kurtz the Ducker (level 6, -3/47 HPs)
             Began as a Mummy Chaos Knight on Feb 25, 2019.
             Was a Plaything of Xom.
             Slain by a killer bee (6 damage)
             ... on level 3 of the Dungeon.
             The game lasted 00:03:47 (3097 turns).

Kurtz the Ducker (Mummy Chaos Knight)               Turns: 3097, Time: 00:03:48

Health: -3/47      AC: 11    Str: 17    XL:     6   Next: 47%
Magic:  6/6        EV: 12    Int: 11    God:    Xom [*.....]
Gold:   170        SH:  0    Dex: 12    Spells: 5/5 levels left

rFire    x . .     SeeInvis .   k - +2 flail (crush)
rCold    + . .     Gourm    .   (no shield)
rNeg     + + +     Faith    .   e - quicksilver dragon scales
rPois    ∞         Spirit   .   f - +0 helmet
rElec    .         Reflect  .   (no cloak)
rCorr    .         Harm     .   h - +0 pair of gloves
MR       +....                  (no boots)
Stlth    +.........             (no amulet)
HPRegen  0.15/turn              (no ring)
MPRegen  0.10/turn              (no ring)

@: no status effects
A: no food or potions, fire vulnerability, cold resistance 1, negative energy
resistance 3, torment resistance, unbreathing
a: Renounce Religion


You were on level 3 of the Dungeon.
You worshipped Xom.
You were a special plaything of Xom.
You were not hungry.

You visited 1 branch of the dungeon, and saw 3 of its levels.

You collected 170 gold pieces.

Inventory:

Hand Weapons
 a - a +0 hand axe of chaos
 j - a cursed +4 mace
 k - a +2 flail of crushing (weapon)
 l - a +3 dire flail
 n - a +0 blowgun of chaos
Missiles
 o - 21 poisoned needles
Armour
 b - a +2 leather armour
 e - quicksilver dragon scales (worn)
 f - a +0 helmet (worn)
 h - a +0 pair of gloves (worn)
 i - a +3 leather armour
Wands
 m - a wand of random effects (10)
Scrolls
 c - a scroll of enchant armour
 d - 2 scrolls of identify


   Skills:
 - Level 3.0 Fighting
 - Level 3.7(4.1) Axes
 + Level 2.4(3.5) Maces & Flails
 - Level 1.5 Armour
 - Level 3.8 Dodging


You had 5 spell levels left.
You didn't know any spells.
Your spell library was empty.

Dungeon Overview and Level Annotations

Branches:
Dungeon (3/15)

Altars:
Cheibriados


Innate Abilities, Weirdness & Mutations

You do not eat or drink.
Your flesh is vulnerable to fire.
You are immune to poison.
Your flesh is cold resistant. (rC+)
You are immune to negative energy. (rN+++)
You are immune to unholy pain and torment.
You can survive without breathing.


Message History

The killer bee is moderately wounded.
The killer bee stings you but does no damage.
The killer bee closely misses you. x2
You closely miss the killer bee.
The killer bee is moderately wounded.
The killer bee misses you. x2
You closely miss the killer bee.
The killer bee is moderately wounded.
The killer bee barely misses you.
The killer bee stings you but does no damage.
The killer bee closely misses you.
You barely miss the killer bee.
The killer bee is moderately wounded.
The killer bee stings you but does no damage. x2
Unknown command.
You barely miss the killer bee.
The killer bee is moderately wounded.
The killer bee stings you.
You die...
Xom is highly amused!

...y....# #...#......# #######.#
####### #..........#### #.#
#.....# #...####†##...#
#.###.....###...####.##....
######..........................
#........#.....y..........##....
#........#....yy###.............
#..y.....######y# #.########....
#........######@###.# #....
..................##.# #####.[..
##........###.....##.####........
########## #.###.#.......#######
###.###.######..#####
#...................#
#######.######..###.# #.# #....#
#.#######..##


You could see 4 killer bees.

Vanquished Creatures
  A killer bee (D:3)
  5 wights
  Natasha (twice) (D:2)
  4 adders
  A worm (D:2)
  2 leopard geckos
  A ball python (D:2)
  A goblin (D:1)
  6 hobgoblins
  3 jackals (D:2)
  A quokka (D:3)
  3 bats
  7 frilled lizards
  10 kobolds
  4 rats
51 creatures vanquished.

Notes
Turn   | Place    | Note
-------+----------+-------------------------------------------
     0 | D:1      | Kurtz the Mummy Chaos Knight began the quest for the Orb.
     0 | D:1      | Reached XP level 1. HP: 18/18 MP: 1/1
   148 | D:1      | XOM: harmless Conj miscast
   414 | D:1      | Found a snail-covered altar of Cheibriados.
   531 | D:1      | Reached XP level 2. HP: 22/24 MP: 2/2
   639 | D:1      | XOM is BORED!
   639 | D:1      | XOM: noise
   916 | D:2      | Reached skill level 1 in Dodging
   916 | D:2      | Reached XP level 3. HP: 19/29 MP: 3/3
  1013 | D:2      | XOM: silly message
  1186 | D:2      | XOM: silly message
  1338 | D:2      | Noticed Terence
  1411 | D:2      | Reached XP level 4. HP: 35/35 MP: 4/4
  1607 | D:2      | Noticed Natasha
  1628 | D:2      | Killed Natasha
  1628 | D:2      | Reached XP level 5. HP: 25/41 MP: 5/5
  1793 | D:2      | XOM: harmless Fire miscast
  1876 | D:1      | XOM: potion effect (might)
  1880 | D:1      | XOM: divination: detect creatures
  1961 | D:1      | XOM: mild Erth miscast
  2206 | D:2      | XOM: 1-stop teleportation journey
  2209 | D:2      | Reached skill level 1 in Maces & Flails
  2209 | D:2      | Reached XP level 6. HP: 47/47 MP: 6/6
  2256 | D:2      | Noticed Terence
  2256 | D:2      | Terence changed into Terence the kobold
  2256 | D:2      | XOM: polymorph Terence -> Terence the kobold
  2257 | D:2      | Killed Terence the kobold
  2287 | D:2      | XOM: noise
  2410 | D:2      | XOM: summons 1 hostile shadow creature
  2498 | D:2      | Noticed Natasha
  2518 | D:2      | Killed Natasha
  2712 | D:2      | XOM: summons 3 hostile demons
  2920 | D:2      | XOM: noise
  2999 | D:3      | XOM: chaos upgrade
  3071 | D:3      | XOM: cast spell 'Summon Small Mammal'
  3092 | D:3      | HP: 2/47 [killer bee (3)]
  3097 | D:3      | Slain by a killer bee

Skill      XL: |  1  2  3  4  5  6 |
---------------+-------------------+-----
Axes           | 3 |  3.7
Dodging        | 1 3 |  3.8
Maces & Flails | 1 2 |  2.4
Fighting       | |  3.0
Armour         | |  1.5

Action                   |  1- 3 |  4- 6 || total
-------------------------+-------+-------++-------
Melee: Hand axe          |   113 |    56 ||   169
       Flail             |       |    43 ||    43
       Dire flail        |       |    37 ||    37
  Use: Scroll            |       |     2 ||     2
Armor: Quicksilver drago |    79 |    74 ||   153
       Leather armour    |     6 |       ||     6
Dodge: Dodged            |    68 |   116 ||   184
